 Dungeon Crawl Stone Soup version 0.15-a0-1579-gd26fec2 (console) character file.

1495 Paggas the Basher (level 8, -8/96 HPs)
             Began as a Minotaur Fighter on June 18, 2014.
             Was an Initiate of Okawaru.
             Mangled by valor's ghost (17 damage)
             ... on Level 6 of the Dungeon.
             The game lasted 00:19:02 (5277 turns).

Paggas the Basher (Minotaur Fighter)                Turns: 5277, Time: 00:19:03

HP  -8/96        AC 32     Str 24      XL: 8   Next: 51%
MP   3/3         EV  2     Int  5      God: Okawaru [......]
Gold 245         SH 11     Dex 14      Spells:  0 memorised,  7 levels left

rFire  . . .     SeeInvis .     a - +0 mace (protect)
rCold  . . .     Clarity  .     D - melded +2 chain mail
rNeg   + + +     rCorr    .     m - +0 shield
rPois  +         rRot     .     (helmet restricted)
rElec  .         Spirit   .     x - melded +0 cloak
SustAb .         Warding  +     (gloves currently unavailable)
rMut   .         NoTele   +     (boots currently unavailable)
Gourm  .                        Q - amulet of warding
MR     .....                    (no ring)
                                O - +3 ring of protection

@: agile, tree-form, not resistant to hostile enchantments, unstealthy
A: (retaliatory headbutt), (horns 0), (large bone plates 0)
a: Renounce Religion


You were on level 6 of the Dungeon.
You worshipped Okawaru.
Okawaru was noncommittal.
You were hungry.
You were an animated tree.
You visited 2 branches of the dungeon, and saw 7 of its levels.

You collected 245 gold pieces.

Inventory:

Hand weapons
 a - a +0 mace of protection (weapon)
 b - a +0 sling
 c - a +0 trident
 d - a +0 trident
Missiles
 g - 226 stones (quivered)
 h - 13 poisoned needles
 N - 8 tomahawks
Armour
 m - a +0 shield (worn)
 x - a +0 cloak (melded)
 D - a +2 chain mail (melded)
Magical devices
 E - a wand of digging (4) {unknown}
 J - a wand of hasting (3) {unknown}
Comestibles
 k - 4 bread rations
 r - a rotting chunk of quokka flesh
 u - a slice of pizza
 z - 5 fruits
 K - a beef jerky
Scrolls
 f - 2 scrolls of identify
 o - 2 scrolls of fear
 q - 3 scrolls of teleportation
 t - 2 scrolls of recharging {unknown}
 w - a scroll of fog {unknown}
 y - a scroll of amnesia {unknown}
 A - 5 scrolls of blinking
 C - a scroll of noise {unknown}
 F - 6 scrolls of remove curse
 L - a scroll of enchant weapon {unknown}
 P - a scroll of enchant armour {unknown}
Jewellery
 M - an uncursed ring of wizardry {unknown}
 O - a +3 ring of protection (left branch)
 Q - an amulet of warding (around neck)
Potions
 e - 2 potions of might
 i - a potion of haste
 j - a potion of berserk rage {unknown}
 l - a potion of lignification
 n - a potion of invisibility {unknown}
 p - a potion of magic {unknown}
 s - 2 potions of agility
 v - a potion of curing
 B - a potion of restore abilities {unknown}
 G - 2 potions of cure mutation {unknown}
 H - a potion of heal wounds {unknown}
 I - a potion of degeneration {unknown}


   Skills:
 - Level 3.6 Fighting
 - Level 8.2 Maces & Flails
 - Level 4.2 Polearms
 - Level 7.2 Armour
 + Level 7.3 Shields


You had 7 spell levels left.
You didn't know any spells.

Dungeon Overview and Level Annotations

Branches:
Dungeon (6/15)             Temple (1/1) D:5

Altars:
Ashenzari
Cheibriados
Dithmenos
Fedhas
Gozag
Kikubaaqudgha
Makhleb
Nemelex Xobeh
Okawaru
Qazlal
Sif Muna
Trog
Xom
Zin
The Shining One

Annotations:
D:1 done
D:2 done
D:3 done
D:4 done
D:5 done
D:6 valor's ghost, experienced DsAK
Temple done


Innate Abilities, Weirdness & Mutations

((You reflexively headbutt those who attack you in melee.))*
((You have a pair of horns on your head.))*
((You are partially covered in large bone plates (AC +2, SH +2).))*


Message History

You turn into an animated tree.
Your +0 cloak melds into your body.
Your +2 chain mail melds into your body.
Your roots penetrate the ground.
It was a potion of lignification.
Valor's ghost hits you but does no damage.
You are electrocuted!
* * * LOW HITPOINT WARNING * * *
You are alive.
You are agile.
You are an animated tree.
Your movement speed is average.
Your attack speed is average.
You are not resistant to hostile enchantments.
You feel unstealthy.
Describe a (M)onster, (S)pell, s(K)ill, (I)tem, (F)eature, (G)od, (A)bility, (B)ranch, or (C)ard?
Describe a item; partial names and regexps are fine.
Enter a single letter to list items displayed by that symbol.
Describe what?
Describe a (M)onster, (S)pell, s(K)ill, (I)tem, (F)eature, (G)od, (A)bility, (B)ranch, or (C)ard?
Okay, then.
Drink which item? (? for menu, Esc to quit)
You feel better.
It was a potion of curing.
Valor's ghost hits you but does no damage.
You are electrocuted!
You die...

##.#
#########.####
#.............#
#..(.(........#
#..(..........#
##.............#
...............#
##.............#
#......♣......#
#......W..(...#
#######.#######
#.# #(# #(. ##'
. (


You could see valor's ghost.

Vanquished Creatures
  3 phantoms
  3 ogres (D:5)
  A centaur (D:5)
  The ghost of WhatIsLove the Shooter, an average HEHu (D:3)
  A giant frog (D:5)
  2 scorpions (D:4)
  A water moccasin skeleton (D:4)
  A crimson imp (D:5)
  A jelly (D:5)
  2 orc priests
  2 orc wizards
  4 worker ants
  Natasha (thrice) (D:5)
  An iguana (D:4)
  Ijyb (D:2)
  Jessica (D:3)
  An ogre skeleton (D:4)
  13 adders
  2 shadow imps (D:5)
  A giant mite (D:5)
  A worm (D:3)
  An iguana skeleton (D:4)
  4 giant geckos
  An ooze (D:1)
  18 orcs
  A ball python (D:5)
  A bat zombie (D:5)
  4 giant cockroaches
  11 hobgoblins
  3 jackals (D:2)
  8 kobolds
  5 quokkas
  6 bats
  A giant newt (D:3)
  19 goblins
  8 rats
137 creatures vanquished.

Notes
Turn   | Place    | Note
--------------------------------------------------------------
     0 | D:1      | Paggas, the Minotaur Fighter, began the quest for the Orb.
     0 | D:1      | Reached XP level 1. HP: 19/19 MP: 1/1
   173 | D:1      | Reached XP level 2. HP: 24/26 MP: 1/1
   664 | D:1      | Reached skill level 4 in Polearms
   882 | D:2      | Found an opulent altar of Gozag.
  1079 | D:2      | Reached XP level 3. HP: 31/31 MP: 2/2
  1191 | D:2      | Reached skill level 1 in Maces & Flails
  1742 | D:2      | Found a glowing golden altar of the Shining One.
  1963 | D:2      | Noticed Ijyb
  1967 | D:2      | Reached XP level 4. HP: 26/39 MP: 2/2
  1979 | D:2      | Killed Ijyb
  2371 | D:3      | Noticed Jessica
  2385 | D:3      | Killed Jessica
  2385 | D:3      | Reached XP level 5. HP: 45/45 MP: 2/2
  2419 | D:3      | Noticed WhatIsLove's ghost (average HEHu)
  2431 | D:3      | Killed WhatIsLove's ghost
  2431 | D:3      | Reached skill level 5 in Maces & Flails
  2454 | D:3      | Noticed Natasha
  2465 | D:4      | Noticed a phantom
  2467 | D:4      | Noticed a phantom
  2468 | D:5      | Entered Level 5 of the Dungeon
  2485 | D:5      | Noticed an ogre
  2501 | D:5      | Gained mutation: You are partially covered in large bone plates (AC +2, SH +2). [potion of beneficial mutation]
  2516 | D:5      | Killed an ogre
  2516 | D:5      | Reached skill level 6 in Maces & Flails
  2516 | D:5      | Reached XP level 6. HP: 38/51 MP: 3/3
  2577 | D:5      | Killed a phantom
  2577 | D:5      | Reached skill level 7 in Maces & Flails
  2639 | D:5      | Killed Natasha
  2675 | D:5      | Noticed an ogre
  2684 | D:5      | Killed an ogre
  2684 | D:5      | Reached skill level 8 in Maces & Flails
  2684 | D:5      | Reached XP level 7. HP: 41/57 MP: 3/3
  2728 | D:4      | Killed a phantom
  2876 | D:3      | Reached skill level 5 in Armour
  2984 | D:3      | Found a shimmering altar of Xom.
  3784 | D:4      | Reached XP level 8. HP: 49/64 MP: 3/3
  3845 | D:4      | Found a bloodstained altar of Trog.
  4139 | D:5      | Found a staircase to the Ecumenical Temple.
  4145 | Temple   | Entered the Ecumenical Temple
  4373 | Temple   | Became a worshipper of Warmaster Okawaru
  4606 | D:5      | Noticed Natasha
  4624 | D:5      | Reached skill level 5 in Shields
  4646 | D:5      | Killed Natasha
  4658 | D:5      | Noticed a centaur
  4663 | D:5      | Noticed Natasha
  4671 | D:5      | Killed a centaur
  4675 | D:5      | Killed Natasha
  5265 | D:6      | Noticed valor's ghost (experienced DsAK)
  5276 | D:6      | HP: 2/96 [valor's ghost (12)]
  5277 | D:6      | Mangled by valor's ghost

Action                   |  1- 3 |  4- 6 |  7- 9 || total
-------------------------+-------+-------+-------++-------
Melee: Trident           |    55 |       |     2 ||    57
       Mace              |    52 |   116 |   213 ||   381
       Hand axe          |       |       |    36 ||    36
 Fire: Sling             |       |     4 |    45 ||    49
Throw: Stone             |       |       |    29 ||    29
  Use: Scroll            |       |     2 |     5 ||     7
       Potion            |       |     1 |     3 ||     4
